 Dungeon Crawl Stone Soup version 0.23.2-1-ga50397a6bc (webtiles) character file.

Game seed: 5532961563152909509

250 Nattfarinn the Jinx (level 5, 0/35 HPs)
             Began as a Vampire Enchanter on May 31, 2019.
             Slain by an orc wizard
             ... wielding a +0 dagger
              (1 damage)
             ... on level 4 of the Dungeon.
             The game lasted 00:09:30 (3591 turns).

Nattfarinn the Jinx (Vampire Enchanter)             Turns: 3591, Time: 00:09:30

Health: 0/35       AC:  2    Str:  7    XL:     5   Next: 88%
Magic:  1/8        EV: 12    Int: 23    God:
Gold:   226        SH:  3    Dex: 15    Spells: 2/8 levels left

rFire    + . .     SeeInvis +   a - +1 dagger
rCold    + + .     Gourm    .   v - +0 buckler
rNeg     + + +     Faith    .   b - +0 robe
rPois    ∞         Spirit   .   (no helmet)
rElec    .         Reflect  .   (no cloak)
rCorr    .         Harm     .   (no gloves)
MR       .....                  (no boots)
Stlth    +++++.....             (no amulet)
HPRegen  0.00/turn              f - ring of fire
MPRegen  0.11/turn              k - ring of protection from cold

@: brilliant, bloodless, non-regenerating
A: fangs 3, see invisible, unbreathing
a: Bat Form


You were on level 4 of the Dungeon.
You were bloodless.

You visited 1 branch of the dungeon, and saw 4 of its levels.

You collected 226 gold pieces.

Inventory:

Hand Weapons
 a - a +1 dagger (weapon)
Missiles
 c - 46 bolts
 h - 4 javelins (quivered)
Armour
 b - a +0 robe (worn)
 v - a +0 buckler (worn)
Jewellery
 d - an uncursed ring of stealth {unknown}
 f - a ring of fire (left hand)
 k - a ring of protection from cold (right hand)
 t - an uncursed ring of wizardry {unknown}
 w - an uncursed ring of resist corrosion {unknown}
Wands
 r - a wand of flame (10)
Scrolls
 e - 3 scrolls of teleportation {unknown}
 i - 4 scrolls of enchant weapon {unknown}
 j - 4 scrolls of remove curse {unknown}
 o - 3 scrolls of identify {unknown}
 p - a scroll of amnesia {unknown}
 s - 2 scrolls of fog {unknown}
 u - a scroll of noise {unknown}
Potions
 g - a potion of curing
 m - a potion of haste {unknown}
 n - a potion of agility {unknown}
 q - 14 potions of blood


   Skills:
 - Level 1.1 Short Blades
 - Level 2.1 Dodging
 + Level 6.9 Stealth
 - Level 2.0 Spellcasting
 * Level 8.3 Hexes


You had 2 spell levels left.
You knew the following spells:

 Your Spells              Type           Power        Failure   Level  Hunger
a - Corona                Hex            ######.      1%          1    #......
b - Ensorcelled Hibernat  Hex/Ice        #####.       1%          2    ##.....
c - Tukima's Dance        Hex            ######..     1%          3    ###....

Your spell library contained the following spells:

 Spells                   Type           Power        Failure   Level  Hunger
 Confuse                  Hex            ######..     1%          3    ###....
 Dazzling Spray           Conj/Hex       #####.       1%          3    ###....


Dungeon Overview and Level Annotations

Branches:
Dungeon (4/15)
 Temple: D:4-7

Altars:
Ashenzari
Cheibriados
Fedhas
Sif Muna
Trog
Vehumet
Wu Jian


Innate Abilities, Weirdness & Mutations

You do not heal naturally.
You are immune to poison.
You have razor-sharp teeth.
You have supernaturally acute eyesight. (SInv)
You can survive without breathing.


Message History

The orc wizard points at you and mumbles some strange words.
The magic dart hits you. You block the orc's attack.
It was a potion of heal wounds.
You feel much better.
The orc wizard hits you with a +0 dagger.
The orc hits you with a +0 dagger. The orc wizard barely misses you.
You hit the orc wizard.
The orc wizard is moderately wounded.
The orc wizard points at you and mumbles some strange words.
The magic dart hits you!
* * * LOW HITPOINT WARNING * * *
The orc hits you but does no damage.
It was a potion of brilliance.
You feel clever all of a sudden.
The orc wizard gestures at you while chanting.
The magic dart hits you.
* * * LOW HITPOINT WARNING * * *
The orc hits you with a +0 dagger.
* * * LOW HITPOINT WARNING * * *
The orc wizard hits you with a +0 dagger.
You die...

#.##.....######
#... #.##....##
##.. #......##
.# #####.....##
.. #..........#
..
#.###.....#..
#.###....## .
#.##..#o##
#.##.##@#
#.##.##o#
#....(.o#
####)#######
####o......#
#......###.#
#.##.#o# #
#.#o.....<.
#....##.###


You could see an orc wizard and 2 orcs.

Vanquished Creatures
  A crimson imp (D:3)
  A hound (D:4)
  Jessica (D:3)
  4 adders
  An ooze (D:3)
  4 worms
  4 leopard geckos
  2 orcs (D:4)
  2 ball pythons
  3 giant cockroaches (D:1)
  2 goblins (D:2)
  7 hobgoblins
  2 quokkas (D:2)
  12 bats
  4 frilled lizards (D:2)
  3 kobolds
  7 rats
60 creatures vanquished.

Vanquished Creatures (collateral kills)
  An ogre (D:4)
  An orc (D:4)
  A ball python (D:4)
3 creatures vanquished.

Vanquished Creatures (others)
  6 toadstools (D:3)
6 creatures vanquished.

Grand Total: 69 creatures vanquished

Notes
Turn   | Place    | Note
-------+----------+-------------------------------------------
     0 | D:1      | Nattfarinn the Vampire Enchanter began the quest for the
                  | Orb.
     0 | D:1      | Reached XP level 1. HP: 13/13 MP: 3/3
   456 | D:1      | Reached skill level 5 in Hexes
   456 | D:1      | Reached XP level 2. HP: 19/19 MP: 5/5
   460 | D:1      | Learned a level 2 spell: Ensorcelled Hibernation
   953 | D:2      | Reached skill level 5 in Stealth
  1146 | D:2      | Reached XP level 3. HP: 23/24 MP: 6/6
  1407 | D:2      | Found a radiant altar of Vehumet.
  1414 | D:2      | Found a shattered altar of Ashenzari.
  1415 | D:2      | Found a deep blue altar of Sif Muna.
  1490 | D:2      | Reached skill level 6 in Hexes
  2144 | D:3      | Reached XP level 4. HP: 24/30 MP: 7/7
  2317 | D:3      | Reached skill level 7 in Hexes
  2610 | D:3      | Noticed Jessica
  2655 | D:3      | Killed Jessica
  2655 | D:3      | Reached XP level 5. HP: 31/35 MP: 0/8
  3162 | D:4      | Noticed an ogre
  3169 | D:4      | Learned a level 3 spell: Tukima's Dance
  3181 | D:4      | Killed an ogre
  3181 | D:4      | Reached skill level 8 in Hexes
  3488 | D:4      | Found a snail-covered altar of Cheibriados.
  3488 | D:4      | Found an ornate altar of the Wu Jian Council.
  3494 | D:4      | Found a faded altar of an unknown god.
  3496 | D:4      | Found a blossoming altar of Fedhas.
  3498 | D:4      | Found a bloodstained altar of Trog.
  3591 | D:4      | HP: 1/35 [orc/+0 dagger (2)]
  3591 | D:4      | Slain by an orc wizard

Skill      XL: |  1  2  3  4  5 |
---------------+----------------+-----
Hexes          | 5 6 7 8 |  8.3
Stealth        | 5 6 |  6.9
Short Blades   | |  1.1
Dodging        | |  2.1
Spellcasting   | |  2.0

Action                   |  1- 3 |  4- 6 || total
-------------------------+-------+-------++-------
Melee: Dagger            |    79 |    50 ||   129
       Bite              |     4 |     3 ||     7
Throw: Javelin           |    12 |       ||    12
 Cast: Corona            |     1 |       ||     1
       Ensorcelled Hiber |     7 |     7 ||    14
       Tukima's Dance    |       |     3 ||     3
  Use: Potion            |       |     4 ||     4
 Stab: Sleeping          |    24 |    14 ||    38
Armor: Robe              |    26 |     4 ||    30
Dodge: Dodged            |    56 |    23 ||    79
Block: Buckler           |       |     6 ||     6
